 Dungeon Crawl Stone Soup version 0.31-a0-1370-gf52a5a9ab3 (webtiles) character file.

Game seed: 8164085459892589277

1784 thriggle the Sneak (level 9, 0/52 HPs)
             Began as an Octopode Alchemist on Dec 24, 2023.
             Was an Elder of Hepliaklqana.
             Slain by a steam dragon (4 damage)
             ... on level 6 of the Dungeon.
             The game lasted 00:26:36 (4074 turns).

thriggle the Sneak (Octopode Alchemist)             Turns: 4074, Time: 00:26:37

Health: 0/52       AC:  1    Str:  8    XL:     9   Next: 8%
Magic:  1/15       EV: 15    Int: 21    God:    Hepliaklqana [****..]
Gold:   273        SH:  0    Dex: 16    Spells: 10/16 levels left

rFire   x . .        s - +6 dagger of Infinite Pain {freeze, rF- rC+ Int+4}
rCold   + . .        (no shield)
rNeg    . . .        (helmet restricted)
rPois   .            (no amulet)
rElec   .            (no ring)
rCorr   .            (no ring)
SInv    .            (no ring)
Will    +....        (no ring)
Stlth   ++++         (no ring)
HPRegen 0.28/turn    (no ring)
MPRegen 0.14/turn    (no ring)
                     (no ring)

%: no passive effects
@: no status effects
A: reduced essence, almost no armour, amphibious, 8 rings, camouflage 1,
gelatinous body 1, (nimble swimmer 1), tentacles, strong-willed 1
a: Renounce Religion, Recall Ancestor, Ancestor Identity, Transference, Idealise


You were on level 6 of the Dungeon.
You worshipped Hepliaklqana.
Hepliaklqana was greatly pleased with you.
You visited 1 branch of the dungeon, and saw 6 of its levels.

You collected 309 gold pieces.
You spent 36 gold pieces at shops.

Inventory:

Hand Weapons
 c - a +2 sling of flaming
 d - a +0 club
 e - a +0 short sword
 s - the +6 dagger of Infinite Pain (weapon) {freeze, rF- rC+ Int+4}
   (You found it on level 3 of the Dungeon)

   Int+4:     It affects your intelligence (+4).
   rF-:       It makes you vulnerable to fire.
   rC+:       It protects you from cold.
 A - a +2 antimagic rapier
Missiles
 i - 6 silver javelins
 m - 42 stones
 q - a throwing net
 r - 5 datura-tipped darts
Jewellery
 w - a ring of ice
 x - a ring of wizardry
 y - an amulet of faith
Wands
 B - a wand of flame (17)
 D - a wand of polymorph (9)
Scrolls
 j - 2 scrolls of vulnerability
 k - 2 scrolls of noise
 n - a scroll of summoning
 o - 3 scrolls of immolation
 p - a scroll of revelation
 v - 2 scrolls of amnesia
Potions
 a - a potion of magic
 b - a potion of invisibility {unknown}
 f - a potion of attraction {unknown}
 g - a potion of enlightenment {unknown}
 h - a potion of mutation
 l - 3 potions of lignification
 t - 2 potions of brilliance
 u - 2 potions of heal wounds {unknown}
 z - 2 potions of berserk rage {unknown}
 C - 3 potions of curing


   Skills:
 + Level 3.9 Fighting
 + Level 3.2 Short Blades
 + Level 4.4 Dodging
 + Level 6.4 Stealth
 + Level 4.0 Spellcasting
 + Level 4.0 Conjurations
 + Level 3.5 Air Magic
 + Level 5.4 Alchemy
 + Level 1.6 Evocations


You had 10 spell levels left.
You knew the following spells:

 Your Spells              Type           Power      Damage    Failure   Level
a - Sting                 Conj/Alch      96%        1d9       1%          1
b - Mercury Vapours       Alch/Air       46%        N/A       2%          2
c - Mephitic Cloud        Conj/Alch/Air  22%        N/A       6%          3

Your spell library contained the following spells:

 Spells                   Type           Power      Damage    Failure   Level
 Olgreb's Toxic Radiance  Alch           27%        N/A       13%         4
 Sticky Flame             Fire/Alch      15%        2d5       36%         4
 Vhi's Electric Charge    Tloc/Air       22%        N/A       50%         4
 Arcjolt                  Conj/Air       10%        1d20      56%         5
 Haunt                    Necr/Summ      2%         N/A       100%        7
 Borgnjor's Revivificati  Necr           2%         N/A       100%        8
 Maxwell's Capacitive Co  Air            9%         ∞         100%        8
 Death's Door             Necr           2%         N/A       100%        9


Dungeon Overview and Level Annotations

Branches:
Dungeon (6/15)
 Temple: D:4-7

Altars:
Hepliaklqana
Qazlal

Shops:
D:1 !   D:3 *

Annotations:
D:6 Grinder


Innate Abilities, Weirdness & Mutations

Your life essence is reduced to manifest your ancestor. (-10% HP)
You cannot wear most types of armour.
You are amphibious.
You can wear up to eight rings at the same time.
Your skin changes colour to match your surroundings (Stealth+).
Your rubbery body absorbs attacks. (AC +1, EV +1)
((You are camouflaged when in or above water. (Stealth+)))
You have tentacles for arms and can constrict up to eight enemies at once.
You are strong-willed. (Will+)


Message History

Grinder blinks!
Grinder blinks!
The orc hits Socktopus with a +0 falchion.
A steam dragon comes into view.
Socktopus hits the orc with a +0 dagger of draining.
The orc closely misses the steam dragon.
The orc completely misses itself.
Socktopus closely misses the orc.
Casting: Mephitic Cloud (dangerous; 6% risk of failure)
Confirm with . or Enter, or press ? or * to list all spells.
Aiming: Mercury Vapours (safe; 2% risk of failure)
Press: ? - help, Dir - move target, f - orc
Aim: an orc, wielding a +0 falchion and wearing a +0 chain mail (severely wounded, confused, ally target, chance to weaken: 100%) Fumes of mercury billow around the orc!
The orc is poisoned.
The orc looks weaker.
The steam dragon looks weaker.
The orc looks weaker.
Socktopus gestures at the orc while chanting.
The orc appears confused.
Casting: Mercury Vapours (safe; 2% risk of failure)
Confirm with . or Enter, or press ? or * to list all spells.
You don't have enough magic to cast this spell.
Socktopus hits the orc with a +0 dagger of draining.
The orc dies!
Socktopus hits the orc with a +0 dagger of draining.
Socktopus hits the orc with a +0 dagger of draining!
The orc dies!
A jelly comes into view.
Socktopus hits the steam dragon with a +0 dagger of draining.
Socktopus drains the steam dragon.
You swap places.
The steam dragon breathes steam at you. The ball of steam hits you!!
The steam scalds you terribly!
The ball of steam hits Socktopus.
Socktopus resists.
You hear a shout!
Items here: )) [ †.
You hit the steam dragon. You freeze the steam dragon.
The steam dragon is moderately wounded.
You are engulfed in a cloud of scalding steam.
* * * LOW HITPOINT WARNING * * *
The steam dragon bites you.
You die...

###.## # .....#
#.##.#..# .#..o..
..... J5. #D# #@#
#R# #+# #§###
######.#### #...#
.........)# ###.#
.##.##..#.# #.#
........#.# #.#
.##.......# #.#
.##.......########.#


You could see the friendly Socktopus the hexer, Grinder, a steam dragon
(catching breath, weak, drained, ally target), a jelly and an orc priest
(confused).

Vanquished Creatures
  A sky beast (D:6)
  2 black bears (D:5)
  A phantom (D:5)
  A kobold brigand (D:6)
  4 scorpions
  2 jellies (D:5)
  Crazy Yiuf (D:6)
  An orc priest (D:5)
  2 sleepcaps
  An iguana (D:5)
  A gnoll (D:5)
  5 adders
  2 ufetubi (D:6)
  3 worms
  2 dart slugs
  4 orcs
  3 ball pythons
  3 endoplasms
  6 giant cockroaches
  13 goblins
  5 hobgoblins
  A jackal (D:5)
  4 kobolds
  2 quokkas
  3 bats
  4 frilled lizards
  7 rats
84 creatures vanquished.

Vanquished Creatures (collateral kills)
  2 water moccasins
  A black bear (D:5)
  An ice beast (D:6)
  A sky beast (D:6)
  An orc warrior (D:6)
  A scorpion (D:4)
  2 hounds
  An orc wizard (D:5)
  2 gnolls (D:5)
  3 adders
  A bombardier beetle (D:5)
  4 orcs
  A bat (D:3)
  An endoplasm (D:3)
  A giant cockroach (D:3)
  A jackal (D:5)
  A quokka (D:4)
  2 ball pythons
27 creatures vanquished.

Vanquished Creatures (others)
  A hexer (D:6)
1 creature vanquished.

Grand Total: 112 creatures vanquished

Notes
Turn   | Place    | Note
-------+----------+-------------------------------------------
     0 | D:1      | thriggle the Octopode Alchemist began the quest for the
                  | Orb.
     0 | D:1      | Reached XP level 1. HP: 11/11 MP: 3/3
   113 | D:1      | Found Pomm's Distillery.
   305 | D:1      | Reached XP level 2. HP: 18/18 MP: 3/5
   311 | D:1      | Learned a level 2 spell: Mercury Vapours
   458 | D:1      | Found a faded altar of an unknown god.
   461 | D:1      | Prayed at the altar of an unknown god.
   461 | D:1      | Became a worshipper of Hepliaklqana the Forgotten
   461 | D:1      | Reached * piety under Hepliaklqana
   499 | D:1      | Reached skill level 3 in Stealth
   833 | D:1      | Reached XP level 3. HP: 19/19 MP: 6/6
   862 | D:1      | Reached skill level 1 in Fighting
  1226 | D:2      | Reached ** piety under Hepliaklqana
  1227 | D:2      | Remembered your ancestor Socktopus as a hexer
  1803 | D:1      | Bought a potion of curing for 36 gold pieces
  1856 | D:3      | Reached XP level 4. HP: 25/25 MP: 7/7
  1881 | D:3      | Learned a level 3 spell: Mephitic Cloud
  1944 | D:3      | Reached skill level 1 in Air Magic
  2171 | D:3      | Identified the +6 dagger of Infinite Pain {freeze, rF- rC+
                  | Int+4}
  2247 | D:3      | Found Gulevua's General Store.
  2337 | D:3      | Gained mutation: You are strong-willed. (Will+) [potion of
                  | mutation]
  2358 | D:4      | Noticed a scorpion
  2367 | D:4      | Killed a scorpion
  2368 | D:4      | Reached XP level 5. HP: 30/30 MP: 4/8
  2439 | D:4      | Noticed a water moccasin
  2450 | D:4      | Killed a water moccasin
  2451 | D:4      | Reached skill level 4 in Stealth
  2451 | D:4      | Reached XP level 6. HP: 15/35 MP: 5/10
  2478 | D:4      | Reached skill level 1 in Short Blades
  2610 | D:4      | Reached *** piety under Hepliaklqana
  2860 | D:4      | Found a stormy altar of Qazlal.
  3040 | D:5      | Entered Level 5 of the Dungeon
  3043 | D:5      | Noticed a black bear
  3055 | D:5      | Reached XP level 7. HP: 40/40 MP: 8/11
  3073 | D:5      | Reached skill level 5 in Stealth
  3141 | D:5      | Identified the +3 scale mail of the Salmon {rElec Int+4}
  3204 | D:5      | Reached XP level 8. HP: 46/46 MP: 8/13
  3219 | D:5      | HP: 2/46 [poisoned by a water moccasin]
  3489 | D:5      | Reached skill level 5 in Alchemy
  3595 | D:6      | Found a runed translucent door.
  3596 | D:6      | Noticed Crazy Yiuf
  3607 | D:6      | Killed Crazy Yiuf
  3649 | D:6      | Reached **** piety under Hepliaklqana
  3680 | D:6      | Reached skill level 6 in Stealth
  3748 | D:6      | Reached skill level 1 in Evocations
  4051 | D:6      | Noticed Grinder
  4062 | D:6      | Reached XP level 9. HP: 37/52 MP: 6/15
  4074 | D:6      | Slain by a steam dragon

Illustrated notes

Levels and vault maps discovered:
D:1:      heliophobic_arrival_enchanted_forest, layout_basic,
          shapermc_ecumenical_altar_mp_urbaneastern, serial_shops, shop
D:2:      layout_basic
D:3:      layout_rooms, serial_shops, shop
D:4:      kennysheep_spiral_hall, layout_basic, grunt_qazlal_clouds
D:5:      layout_rooms
D:6:      layout_loops_corners, nicolae_hepliaklqana_monster_ancestors,
          uniq_jeremiah, uniq_crazy_yiuf_cottage, uniq_menkaure, uniq_sigmund,
          uniq_grinder

Skill      XL: |  1  2  3  4  5  6  7  8  9 |
---------------+----------------------------+-----
Stealth        | 3 4 5 6 |  6.4
Fighting       | 1 2 3 |  3.9
Air Magic      | 1 2 3 |  3.5
Conjurations   | 2 3 4 |  4.0
Dodging        | 3 4 |  4.4
Alchemy        | 4 5 |  5.4
Short Blades   | 1 2 3 |  3.2
Spellcasting   | 3 4 |  4.0
Evocations     | 1 |  1.6

Action                     |  1- 3 |  4- 6 |  7- 9 || total
---------------------------+-------+-------+-------++-------
  Melee: Unarmed           |     4 |       |       ||     4
         Short sword       |    39 |    16 |       ||    55
         Constrict         |     8 |    10 |    13 ||    31
         Club              |     1 |       |       ||     1
         Tentacles         |     6 |     9 |    10 ||    25
         Punch             |     1 |       |     2 ||     3
         Dagger            |       |    27 |    53 ||    80
   Cast: Sting             |    14 |    15 |    11 ||    40
         Mercury Vapours   |     3 |     2 |     7 ||    12
         Mephitic Cloud    |       |       |    12 ||    12
 Invoke: Ancestor Identity |     1 |       |       ||     1
         Ancestor Life: He |     1 |       |       ||     1
         Recall Ancestor   |       |       |     1 ||     1
    Use: Scroll            |     3 |     4 |     4 ||    11
         Potion            |       |     2 |     1 ||     3
   Stab: Sleeping          |    13 |     3 |     1 ||    17
         Confused          |     2 |     1 |     4 ||     7
         Distracted        |     1 |     1 |       ||     2
 Armour: Skin              |    11 |    19 |    28 ||    58
  Dodge: Dodged            |    18 |    23 |    36 ||    77

Table legend: (Time is in decaauts)
 A = Elapsed time spent in this place.
 B = Non-inter-level travel time spent in this place.
 C = Inter-level travel time spent in this place.
 D = Time resting spent in this place.
 E = Time spent auto-exploring this place.
 F = Levels seen in this place.
 G = Mean time per level.
                   A        B        C        D        E       F      G
               +--------+--------+--------+--------+--------+-----+--------+
         Total |   4064 |   3962 |    102 |     82 |   2364 |   6 |  677.3 |
       Dungeon |   4064 |   3962 |    102 |     82 |   2364 |   6 |  677.3 |
               +--------+--------+--------+--------+--------+-----+--------+

Top non-repeatable levels by time:
     D:1: 962 daAuts
     D:2: 862 daAuts
     D:4: 681 daAuts
     D:3: 531 daAuts
     D:6: 524 daAuts
     D:5: 502 daAuts
